 Dungeon Crawl Stone Soup version 0.29-a0-902-g0f71de6fce (console) character file.

Game seed: 14003059610960502251

221 CannotBeFrozen the Chopper (level 5, 0/45 HPs)
             Began as a Demigod Fighter on July 24, 2022.
             Slain by an ogre
             ... wielding a +0 giant club
              (26 damage)
             ... on level 3 of the Dungeon.
             The game lasted 00:09:53 (3913 turns).

CannotBeFrozen the Chopper (Demigod Fighter)        Turns: 3913, Time: 00:09:54

Health: 0/45       AC:  9    Str: 21    XL:     5   Next: 37%
Magic:  7/7        EV:  8    Int: 10    God:
Gold:   124        SH:  8    Dex: 13    Spells: 4/4 levels left

rFire   . . .      SeeInvis .   a - +0 war axe
rCold   . . .      Faith    .   m - +0 kite shield
rNeg    . . .      Spirit   .   b - +0 scale mail
rPois   .          Reflect  .   j - +0 helmet
rElec   .          Harm     .   (no cloak)
rCorr   .          Rampage  .   i - +0 pair of gloves
Will    .....                   (no boots)
Stlth   ..........              (no amulet)
HPRegen 0.15/turn               F - ring of flight
MPRegen 0.10/turn               (no ring)

@: mighty, flying
A: high MP 1, forlorn, divine attributes
a: no special abilities


You were on level 3 of the Dungeon.
You visited 1 branch of the dungeon, and saw 4 of its levels.

You collected 124 gold pieces.

Inventory:

Hand Weapons
 a - a +0 war axe (weapon)
Missiles
 e - 14 stones (quivered)
Armour
 b - a +0 scale mail (worn)
 i - a +0 pair of gloves (worn)
 j - a +0 helmet (worn)
 m - a +0 kite shield (worn)
Jewellery
 F - a ring of flight (left hand)
Scrolls
 f - a scroll of teleportation {@r2}
 h - a scroll of acquirement {unknown}
 k - a scroll of torment {unknown}
Potions
 c - 3 potions of brilliance
 d - 3 potions of might
 g - a potion of lignification
 l - a potion of heal wounds {@q2}
 o - a potion of curing {@q1}
 p - a potion of mutation
 q - a potion of resistance {unknown}


   Skills:
 - Level 3.0 Fighting
 + Level 4.8 Axes
 - Level 3.1 Armour
 - Level 3.0 Shields


You had 4 spell levels left.
You didn't know any spells.
Your spell library contained the following spells:

 Spells                   Type           Power      Damage    Failure   Level
 Necrotise                Necr           0%         1d4       97%         1
 Slow                     Hex            0%         N/A       97%         1
 Confusing Touch          Hex            0%         N/A       100%        3
 Portal Projectile        Hex/Tloc       0%         N/A       100%        3
 Tukima's Dance           Hex            0%         N/A       100%        3
 Vampiric Draining        Necr           0%         2d6       100%        3
 Agony                    Necr           0%         N/A       100%        5
 Blade Hands              Tmut           0%         N/A       100%        5


Dungeon Overview and Level Annotations

Branches:
Dungeon (4/15)
 Temple: D:4-7

Shops:
D:1 [


Innate Abilities, Weirdness & Mutations

You have an increased reservoir of magic. (+10% MP)
You shall have no god before yourself.
Your divine heritage dramatically boosts your attributes as you level up.


Message History

There is a stone staircase leading down here.
You see here a +0 dagger.
There is a stone staircase leading down here.
You fly downwards.
There is a stone staircase leading up here.
Found 9 gold pieces.
There is a stone staircase leading up here.
You throw a poisoned dart.
The poisoned dart closely misses the ogre.
You throw a poisoned dart. The poisoned dart hits the ogre.
You block the ogre's attack.
You fly upwards.
There is a stone staircase leading down here.
Okay, then.
The ogre attacks as you move away! The ogre hits you with a +0 giant club!
HP: 33/45 (-12) ========---- !!
You hit the ogre but do no damage. You slash the plant!
The plant begins to die.
The ogre barely misses you.
You barely miss the ogre. You hit the plant.
The ogre hits you with a +0 giant club.
HP: 29/45 (-5) =======----- !
You throw a poisoned dart. The poisoned dart hits the ogre.
A nearby plant withers and dies.
The ogre barely misses you.
You throw a poisoned dart. The poisoned dart hits the ogre.
The ogre barely misses you.
You throw a poisoned dart. The poisoned dart hits the ogre.
The ogre is poisoned.
You block the ogre's attack.
You slash the ogre!
The ogre is moderately wounded.
You hit the ogre.
The ogre is heavily wounded.
The ogre hits you with a +0 giant club!!
Ouch! That really hurt!
* * * LOW HITPOINT WARNING * * *
HP: 7/45 (-23) =----------- !!!!!
Okay, then.
You feel much better. You block the ogre's attack.
You feel very mighty all of a sudden.
The ogre looks more healthy.
The ogre hits you with a +0 giant club!!
Ouch! That really hurt!
You die...

#.<.#...PP≈P≈≈≈≈≈≈≈≈P≈♣##...#.####.#
###.....♣♣≈≈≈≈≈≈≈≈≈≈♣♣≈##.#.....##.#
##.#..≈♣≈≈≈≈≈≈≈≈≈≈≈≈P##...###.##.# ###
#.#..♣♣P≈≈≈≈≈≈≈≈PP♣.##.### #.##.# ..#
#.....≈♣≈≈P≈≈≈≈≈≈≈♣....# #.##.#
#.########..#♣♣≈P≈≈≈≈♣≈≈≈≈##..#####.##.#
............#P♣≈P≈P≈≈≈≈P≈≈##....P##...<#
##########.##≈≈≈≈≈≈≈≈≈≈P≈.....P.....####
# #....♣♣≈≈≈≈≈≈≈♣♣.##.....#.## ##
#####.≈≈P≈≈≈≈≈≈#.#PP.P..P.# .#
#.≈P≈≈♣≈≈♣.#...@≈≈≈...# .#
#.#≈≈P≈≈≈♣.#...O≈≈≈♣..# .#
#.##≈≈≈♣♣#.#..(≈≈≈♣≈P.# #####
#.###≈♣≈##.#..≈♣≈≈♣...# ....##########.#
######...P.≈≈♣♣...# ###............#####
###..≈≈≈...P.# ###########.#....#
#..♣.....>.# ########## #.#####.#
##.#....♣#### .........######....#
##....P...# ..########....†....#
#.###...P## ..# #....###### #.# #[.###


You could see an ogre.

Vanquished Creatures
  A scorpion (D:3)
  A jelly (D:4)
  5 adders (D:2)
  An ufetubus (D:3)
  3 dart slugs
  11 ball pythons
  2 bats (D:2)
  9 endoplasms
  4 giant cockroaches
  7 hobgoblins
  2 jackals (D:1)
  10 kobolds
  2 quokkas
  5 frilled lizards
  6 goblins
  5 rats
74 creatures vanquished.

Vanquished Creatures (others)
  A quokka (D:4)
  30 plants (D:3)
31 creatures vanquished.

Grand Total: 105 creatures vanquished

Notes
Turn   | Place    | Note
-------+----------+-------------------------------------------
     0 | D:1      | CannotBeFrozen the Demigod Fighter began the quest for the
                  | Orb.
     0 | D:1      | Reached XP level 1. HP: 18/18 MP: 3/3
    92 | D:1      | Found Kazxokha's Antique Armour Emporium.
   290 | D:1      | Reached skill level 2 in Axes
   399 | D:1      | Reached XP level 2. HP: 25/25 MP: 4/4
  1058 | D:2      | Reached XP level 3. HP: 31/31 MP: 5/5
  1531 | D:2      | Reached skill level 3 in Axes
  1632 | D:2      | Reached XP level 4. HP: 29/38 MP: 6/6
  2819 | D:3      | Reached skill level 4 in Axes
  2819 | D:3      | Reached XP level 5. HP: 44/45 MP: 7/7
  3812 | D:4      | Noticed an ogre
  3913 | D:3      | Slain by an ogre

Illustrated notes

Levels and vault maps discovered:
D:1:      evilmike_arrival_rings, layout_basic, serial_shops, shop,
          nicolae_ecumenical_snake_handling, minmay_stone_trees_medium,
          minmay_misc_feat_nine_boxes
D:2:      layout_basic
D:3:      minmay_angry_zag, layout_loops_ring, mainiacjoe_overflow_alcove_1,
          serial_bayou, serial_bayou_ford_a, serial_bayou_lagoon_b,
          serial_bayou_lagoon_a, serial_bayou_lake_a, serial_bayou_pond_d,
          serial_bayou_pond_a, minmay_misc_feat_pillars, corexii_shack,
          st_stairs_6
D:4:      layout_cave_pools, fedhas_altar_1, elyvilon_altar_4

Skill      XL: |  1  2  3  4 |
---------------+-------------+-----
Axes           | 2 3 4 |  4.8
Armour         | 3 |  3.1
Fighting       | 3 |  3.0
Shields        | 3 |  3.0

Action                   |  1- 3 |  4- 6 || total
-------------------------+-------+-------++-------
Melee: War axe           |   111 |    95 ||   206
Throw: Stone             |     9 |     9 ||    18
       Dart              |       |    11 ||    11
  Use: Scroll            |       |     8 ||     8
       Potion            |       |     2 ||     2
Armor: Scale mail        |    54 |    40 ||    94
Dodge: Dodged            |    52 |    40 ||    92
Block: Buckler           |    19 |       ||    19
       Kite shield       |    28 |    56 ||    84

Table legend: (Time is in decaauts)
 A = Elapsed time spent in this place.
 B = Non-inter-level travel time spent in this place.
 C = Inter-level travel time spent in this place.
 D = Time resting spent in this place.
 E = Time spent auto-exploring this place.
 F = Levels seen in this place.
 G = Mean time per level.
                   A        B        C        D        E       F      G
               +--------+--------+--------+--------+--------+-----+--------+
         Total |   4034 |   3913 |    121 |    702 |   2281 |   4 | 1008.5 |
       Dungeon |   4034 |   3913 |    121 |    702 |   2281 |   4 | 1008.5 |
               +--------+--------+--------+--------+--------+-----+--------+

Top non-repeatable levels by time:
     D:3: 1507 daAuts
     D:2: 1358 daAuts
     D:1: 1083 daAuts
     D:4: 86 daAuts
